 Dungeon Crawl Stone Soup version 0.18-b1-22-ge198996 (webtiles) character file.

288834 nikopol the Severer (level 19, -8/174 HPs)
             Began as a Minotaur Berserker on May 3, 2016.
             Was the Champion of Trog.
             Mangled by a skeletal warrior
             ... wielding a +0 flail
             ... led by a skeletal warrior
              (9 damage)
             ... while paralysed by Norris
             ... on level 2 of the Vaults on May 4, 2016.
             The game lasted 03:38:19 (45059 turns).

nikopol the Severer (Minotaur Berserker)           Turns: 45059, Time: 03:38:20

Health: -8/174     AC: 32    Str: 27    XL:     19   Next: 89%
Magic:  18/18      EV:  2    Int: -1 (8) God:    Trog [******]
Gold:   911        SH:  0    Dex: 15    Spells: 0 memorised, 18 levels left

rFire  + . .     SeeInvis +     X - +10 hand axe "Vir Tis" {flame, Dex+2 SInv}
rCold  . . .     Gourm    +     p - +2 chain mail {rPois}
rNeg   . . .     Faith    .     o - +3 shield {reflect}
rPois  +         Spirit   .     d - +0 hat of Zootih {rCorr Int+4}
rElec  .         Dismiss  .     t - +1 cloak
rCorr  +         Reflect  +     g - +1 pair of gloves
SustAt .         Harm     .     Z - +1 pair of boots
MR     +....                    D - amulet of the gourmand
Stlth  ..........               y - +3 ring of protection
                                b - ring of protection from fire

@: paralysed, exhausted, marked, slowed, lost intelligence, studying Armour,
somewhat resistant to hostile enchantments, extremely unstealthy
A: retaliatory headbutt, horns 2, iridescent scales 1, mutation resistance 1
a: Berserk, Trog's Hand, Brothers in Arms, Burn Spellbooks, Renounce Religion
}: 2/15 runes: decaying, gossamer


You were on level 2 of the Vaults.
You worshipped Trog.
Trog was exalted by your worship.
You were very full.

You visited 6 branches of the dungeon, and saw 35 of its levels.
You visited 1 bazaar.
You also visited: Sewer, Ossuary, Ice Cave and Volcano.

You collected 3104 gold pieces.
You spent 2193 gold pieces at shops.

Inventory:

Hand Weapons
 x - a +7 war axe of chopping
 X - the +10 hand axe "Vir Tis" (weapon) {flame, Dex+2 SInv}
   (You found it on level 1 of the Lair of Beasts)

   It has been specially enchanted to burn those struck by it, causing extra
   injury to most foes and up to half again as much damage against particularly
   susceptible opponents.
   Big, fiery blades are also staple armaments of hydra-hunters.
   It affects your dexterity (+2).
   It lets you see invisible.
Missiles
 H - 3 tomahawks of returning (quivered)
 I - 8 javelins of returning
 O - 7 steel javelins
 Y - 6 javelins of penetration
Armour
 d - the +0 hat of Zootih (worn) {rCorr Int+4}
   (You acquired it on level 1 of the Vaults)

   It affects your intelligence (+4).
   It protects you from acid and corrosion.
 g - a +1 pair of gloves (worn)
 o - a +3 shield of reflection (worn)
 p - a +2 chain mail of poison resistance (worn)
 t - a +1 cloak (worn)
 M - a +0 ice dragon armour
 Z - a +1 pair of boots (worn)
Jewellery
 b - a ring of protection from fire (left hand)
 y - a +3 ring of protection (right hand)
 D - an amulet of the gourmand (around neck)
Wands
 a - a wand of digging (20/24)
 k - a wand of heal wounds (5/9)
 r - a wand of flame (21/48)
 B - a wand of random effects (45/48)
 G - a wand of iceblast (12/15)
 P - a wand of hasting (7/9)
 Q - a wand of lightning (8/15)
Scrolls
 e - 18 scrolls of remove curse
 i - 5 scrolls of fear
 m - 4 scrolls of fog
 n - a scroll of holy word
 u - 8 scrolls of blinking
 w - 14 scrolls of teleportation
 J - 2 scrolls of recharging
 R - 2 scrolls of magic mapping
 U - 4 scrolls of identify
Potions
 h - 21 potions of curing
 j - 6 potions of flight
 l - 3 potions of invisibility
 s - 9 potions of might
 v - 7 potions of agility
 z - 2 potions of cancellation
 A - 2 potions of magic
 C - 3 potions of cure mutation
 E - 7 potions of heal wounds
 L - 7 potions of brilliance
 T - 9 potions of ambrosia
 V - 2 potions of resistance
 W - 4 potions of haste
Books
 N - a manual of Armour
Comestibles
 c - 15 bread rations
 f - 4 slices of pizza
 q - 8 chunks of flesh
 F - 9 meat rations
 K - 35 fruits
 S - 6 beef jerkies


   Skills:
 + Level 16.6 Fighting
 + Level 19.9(20.1) Axes
   Level 5.5(14.4) Polearms
 + Level 13.7 Throwing
 + Level 18.4 Armour
 + Level 15.5 Dodging
 * Level 15.3 Shields


You had 18 spell levels left.
You didn't know any spells.

Dungeon Overview and Level Annotations

Branches:
Dungeon (15/15)            Temple (0/1) D:5            Lair (8/8) D:11
  Swamp (4/4) Lair:4       Spider (4/4) Lair:3        Slime (0/6) Lair:6
    Orc (2/2) D:12            Elf (0/3) Orc:2        Vaults (2/5) D:13
 Depths (0/5) D:15
  Crypt: Vaults:2-3

Altars:
Elyvilon
Fedhas
Gozag
Nemelex Xobeh
Okawaru
Trog
Zin
Beogh
Jiyva

Shops:
D:12 %   Orc:2 !:[?

Portals:
Wizlab: Vaults:2

Annotations:
Vaults:2 Norris


Innate Abilities, Weirdness & Mutations

You reflexively headbutt those who attack you in melee.
You have a pair of horns on your head.
You are partially covered in iridescent scales (AC +4).
You are somewhat resistant to further mutation.


Message History

* * * LOW HITPOINT WARNING * * *
Norris says, "Feel free to die.
It's a great thing."
Norris hits you with a hand axe of electrocution.
* * * LOW HITPOINT WARNING * * *
The skeletal warrior hits you with a dire flail!
* * * LOW HITPOINT WARNING * * *
The skeletal warrior hits you but does no damage.
Norris mumbles some strange prayers to his god against you.
You struggle to resist.
The skeletal warrior hits you with a dire flail.
* * * LOW HITPOINT WARNING * * *
The skeletal warrior hits you but does no damage.
Norris hits you with a hand axe of electrocution!!
* * * LOW HITPOINT WARNING * * *
The skeletal warrior hits you with a dire flail!
* * * LOW HITPOINT WARNING * * *
The wizard gestures wildly while chanting.
The wizard blinks!
The skeletal warrior hits you with a flail!
You die...

,,,*,,,*********,,,,,,,,,,,,,,,,,
,,,*,,,*,,,,,,,#......ยง,,,,,,,,,,
,,,*,,,*,,,,,,,#......#+********,
,,,*,,,*,,,,,,,#......#,,,,,,,,*,
,,,*,,,*,,,,,,,#......#,,,,,,,,#.
****,,,*,,,,,,,'......#,,,,,,,,#.
,,,,,,,*,,,,,,,#c.....#,,,,,,,,#.
,,,,,,,*,,,,,,,#z@(...#,,>,,,,,#.
,,,,,,,**#######@z....#,,,,,,,,#.
,,,,,,,,,.......).....##########.
,,,,,,,,,[.......................
,,,,,,,,,..(...(.................
*********########+###############
#...# * #)#.# * #...#### *
*************####......#


You could see Norris (invisible), a yaktaur captain and 2 skeletal warriors.

Vanquished Creatures
  the Lernaean hydra (Swamp:4)
  Saint Roka (Vaults:1)
  Jorgrun (Vaults:1)
  Rupert (D:15)
  An Ice Fiend (IceCv)
  5 thorn hunters
  Roxanne (Swamp:1)
  Kirke (D:12)
  5 ghost moths
  Maud (D:13)
  3 vault wardens
  6 emperor scorpions (Spider:4)
  Donald (D:12)
  Louise (Swamp:4)
  2 very ugly things (Swamp:1)
  4 ironheart preservers
  Azrael (D:12)
  2 spark wasps (Spider:3)
  The ghost of Chiseanne the Tortoise, a journeyman DsWz of Gozag (D:15)
  A yaktaur captain (D:15)
  16 slime creatures
  Josephine (D:15)
  A vault guard (Vaults:2)
  An entropy weaver (Spider:3)
  Fannar (Lair:2)
  A ghost crab (Swamp:4)
  24 hydras
  4 ogre magi (Vaults:1)
  7 centaur warriors
  29 death yaks
  3 catoblepae (Lair:8)
  4 alligators
  2 tengu warriors
  Urug (D:15)
  A queen ant (Lair:8)
  6 orc high priests (Orc:2)
  A storm dragon zombie (Vaults:2)
  4 iron golems (D:12)
  A shadow wraith (Vaults:1)
  2 unseen horrors
  10 skeletal warriors
  A spriggan druid (Swamp:4)
  4 shambling mangroves
  A giant orange brain (Vaults:2)
  A lindwurm (Lair:8)
  8 swamp dragons
  5 hill giants
  2 ironbrand convokers
  7 orc knights
  19 orb spiders
  An orc sorcerer (Orc:2)
  21 wolf spiders
  A necromancer (Vaults:2)
  A sphinx zombie (Vaults:2)
  13 ugly things
  2 cyclopes
  6 griffons
  7 hornets
  13 elephants
  A human zombie (Vaults:2)
  A manticore (D:13)
  2 moths of wrath
  2 centaur zombies
  2 ice statues (IceCv)
  2 vault sentinels
  2 black mambas (Lair:8)
  5 torpor snails
  A guardian serpent (shapeshifter) (Vaults:1)
  19 spiny frogs
  2 gargoyles
  14 ice devils (IceCv)
  2 rime drakes (Lair:8)
  11 komodo dragons
  A yaktaur (shapeshifter) (Vaults:2)
  17 yaktaurs
  2 efreet
  2 freezing wraiths
  22 jumping spiders
  11 trolls
  13 demonic crawlers
  A polar bear (Lair:8)
  10 two-headed ogres
  15 blink frogs
  7 giant leeches
  3 boulder beetles
  30 tarantellas
  2 centaur simulacra (D:15)
  2 shadows
  56 redbacks
  4 wraiths
  63 yaks
  A hog (D:12)
  5 basilisks
  3 spriggans
  Eustachio (D:5)
  4 fire elementals
  Grum (D:8)
  4 wyverns
  15 hippogriffs
  16 humans
  3 hungry ghosts
  18 vampire mosquitoes
  16 swamp worms
  5 insubstantial wisps (Swamp:1)
  9 wargs
  A mottled dragon (D:15)
  Edmund (D:5)
  7 soldier ants
  4 hell hounds (D:12)
  Duvessa (D:5)
  16 water moccasins
  27 orc warriors
  17 porcupines
  5 sky beasts
  2 phantoms
  15 swamp drakes
  13 ice beasts
  15 wasps
  2 necrophages (D:10)
  9 centaurs
  23 crocodiles
  16 wolves
  24 ogres
  5 big kobolds
  23 giant frogs
  2 wyvern zombies
  Dowan (D:5)
  A water moccasin zombie (Ossuary)
  4 scorpions
  2 troll zombies (D:12)
  15 wights
  6 crimson imps
  24 bog bodies
  A howler monkey (D:13)
  7 hounds
  6 giant frog zombies
  4 jellies
  33 orc priests
  4 centaur skeletons
  A giant frog skeleton (D:13)
  17 orc wizards
  19 worker ants
  Terence (D:2)
  2 hell rats (Lair:4)
  10 iguanas
  39 sheep
  4 ogre zombies (D:12)
  A hound zombie (Ossuary)
  A hound skeleton (D:5)
  6 mummies (Ossuary)
  3 worker ant zombies (Ossuary)
  20 adders
  82 river rats
  3 shadow imps
  9 white imps (IceCv)
  5 oozes
  6 ufetubi (IceCv)
  4 adder zombies
  6 worms
  4 dart slugs
  6 giant geckos
  110 orcs
  4 bats
  A bat skeleton (D:2)
  A bat zombie (D:2)
  11 giant cockroaches
  5 goblins
  4 hobgoblins
  11 jackals
  23 kobolds
  6 quokkas
  2 giant gecko zombies (Ossuary)
  7 giant newts
  2 goblin skeletons (D:12)
  4 goblin zombies (D:12)
  A hobgoblin skeleton (D:12)
  2 hobgoblin zombies (D:12)
  8 orc zombies (D:12)
  2 quokka skeletons
  3 quokka zombies
  12 rats
  12 briar patches (Swamp:1)
  16 fungi
  6 plants
1539 creatures vanquished.

Vanquished Creatures (collateral kills)
  A black mamba (Lair:5)
1 creature vanquished.

Vanquished Creatures (others)
  Nessos (D:14)
  A wizard (D:4)
  A cyclops (D:15)
  5 yaktaurs
  A yak (D:12)
  A centaur (Vaults:1)
  A white imp (IceCv)
  An ufetubus (IceCv)
  A goblin skeleton (D:12)
  An orc zombie (D:12)
  5 briar patches
  A fire vortex (Volcano)
  54 fungi
  58 plants
  5 withered plants (Ossuary)
137 creatures vanquished.

Grand Total: 1677 creatures vanquished

Notes
Turn   | Place    | Note
--------------------------------------------------------------
     0 | D:1      | nikopol the Minotaur Berserker began the quest for the Orb.
     0 | D:1      | Reached XP level 1. HP: 19/19 MP: 0/0
     0 | D:1      | Noticed a jelly
     1 | D:1      | Found a runed door.
   384 | D:1      | Reached XP level 2. HP: 27/27 MP: 1/1
   660 | D:1      | Reached XP level 3. HP: 33/33 MP: 2/2
   672 | D:1      | Reached XP level 4. HP: 26/40 MP: 3/3
   677 | D:1      | Reached ** piety under Trog
   840 | D:2      | Noticed Terence
   846 | D:2      | Killed Terence
  1101 | D:2      | Found a blossoming altar of Fedhas.
  1465 | D:3      | Reached XP level 5. HP: 47/47 MP: 4/4
  1588 | D:3      | Reached skill level 5 in Polearms
  1722 | D:3      | Reached skill level 1 in Throwing
  1793 | D:3      | Reached XP level 6. HP: 51/55 MP: 5/5
  1880 | D:3      | Reached *** piety under Trog
  2208 | D:4      | Reached skill level 5 in Fighting
  2208 | D:4      | Reached skill level 1 in Axes
  2406 | D:4      | Reached skill level 2 in Axes
  2519 | D:4      | Found a bloodstained altar of Trog.
  2520 | D:4      | Noticed a wizard
  2525 | D:4      | Killed a wizard
  2755 | D:5      | Entered Level 5 of the Dungeon
  2761 | D:5      | Reached XP level 7. HP: 61/61 MP: 6/6
  2788 | D:5      | Found a sand-covered staircase.
  2789 | D:5      | Noticed Eustachio
  2807 | D:5      | Killed Eustachio
  2807 | D:5      | Reached skill level 5 in Armour
  2856 | Ossuary  | Entered an ossuary
  2866 | Ossuary  | HP: 3/91 [decayed bog body (13)]
  2867 | Ossuary  | Reached skill level 3 in Axes
  3044 | Ossuary  | Reached skill level 4 in Axes
  3232 | Ossuary  | Reached XP level 8. HP: 65/70 MP: 7/7
  3898 | D:5      | Noticed Duvessa
  3898 | D:5      | Noticed Dowan
  3898 | D:5      | Noticed Edmund
  3906 | D:5      | Killed Edmund
  3906 | D:5      | Reached skill level 5 in Axes
  3906 | D:5      | Reached skill level 5 in Dodging
  3908 | D:5      | Killed Duvessa
  3917 | D:5      | Killed Dowan
  4099 | D:5      | Got a slimy ivory ring
  4258 | D:5      | Found a staircase to the Ecumenical Temple.
  4368 | D:6      | Reached skill level 6 in Axes
  4389 | D:6      | Found an opulent altar of Gozag.
  4414 | D:6      | Received a gift from Trog
  4448 | D:6      | Found a glowing drain.
  4463 | Sewer    | Entered a sewer
  4578 | Sewer    | Reached XP level 9. HP: 76/79 MP: 8/8
  4597 | Sewer    | Found a glowing silver altar of Zin.
  4717 | D:6      | Reached **** piety under Trog
  5017 | D:6      | Reached skill level 7 in Axes
  5115 | D:6      | Identified the ring of Ylubbusch {Fire rPois Int+5} (You found it on level 5 of the Dungeon)
  5755 | D:7      | Reached skill level 5 in Throwing
  6079 | D:8      | Found a glowing silver altar of Zin.
  6179 | D:8      | Noticed Grum
  6195 | D:8      | Reached skill level 8 in Axes
  6200 | D:8      | Killed Grum
  6659 | D:8      | Reached ***** piety under Trog
  6772 | D:8      | Noticed a white ugly thing
  6783 | D:8      | Killed a white ugly thing
  6783 | D:8      | Reached XP level 10. HP: 35/88 MP: 3/9
  7574 | D:9      | Reached skill level 9 in Axes
  7639 | D:9      | Received a gift from Trog
  8504 | D:10     | Entered Level 10 of the Dungeon
  9341 | D:10     | Found a blossoming altar of Fedhas.
  9521 | D:10     | Reached skill level 10 in Axes
  9533 | D:10     | Paralysed by an orc for 6 turns
  9660 | D:10     | Received a gift from Trog
  9874 | D:11     | Found a staircase to the Lair.
 10032 | D:11     | Noticed a purple ugly thing
 10349 | D:10     | Killed a purple ugly thing
 10349 | D:10     | Reached XP level 11. HP: 49/97 MP: 2/10
 10951 | D:10     | Reached skill level 11 in Axes
 12209 | D:11     | Found a white marble altar of Elyvilon.
 12261 | D:11     | Noticed a hill giant
 12267 | D:11     | Killed a hill giant
 12431 | Lair:1   | Entered Level 1 of the Lair of Beasts
 12487 | Lair:1   | Received a gift from Trog
 12887 | Lair:1   | Got a faintly glowing hand axe
 12888 | Lair:1   | Identified the +10 hand axe "Vir Tis" {flame, Dex+2 SInv} (You found it on level 1 of the Lair of Beasts)
 12923 | Lair:1   | Reached skill level 10 in Fighting
 13474 | Lair:2   | Reached skill level 12 in Axes
 13588 | Lair:2   | Noticed a griffon
 13597 | Lair:2   | Killed a griffon
 13606 | Lair:2   | Noticed an eight-headed hydra
 13613 | Lair:2   | Killed a five-headed hydra
 13829 | Lair:2   | Noticed Fannar
 13842 | Lair:2   | Killed Fannar
 14036 | Lair:2   | Reached XP level 12. HP: 105/105 MP: 11/11
 14100 | Lair:2   | Reached skill level 10 in Armour
 14611 | Lair:3   | Received a gift from Trog
 14940 | Lair:3   | Reached skill level 13 in Axes
 15224 | Lair:3   | Found a hole to the Spider Nest.
 15661 | Lair:4   | Received a gift from Trog
 15840 | Lair:4   | Received a gift from Trog
 16497 | Lair:4   | Found a staircase to the Swamp.
 16902 | Lair:5   | Reached skill level 10 in Dodging
 17421 | Lair:5   | Noticed a four-headed hydra
 17430 | Lair:5   | Killed a two-headed hydra
 17430 | Lair:5   | Reached skill level 14 in Axes
 17877 | Lair:6   | Reached XP level 13. HP: 114/114 MP: 12/12
 18061 | Lair:6   | Received a gift from Trog
 18743 | Lair:6   | Found a staircase to the Slime Pits.
 18743 | Lair:6   | Found a viscous altar of Jiyva.
 19261 | Lair:7   | Reached ****** piety under Trog
 19296 | Lair:7   | Reached skill level 15 in Axes
 19319 | Lair:7   | Found a dark tunnel.
 19337 | Volcano  | Entered a volcano
 19376 | Volcano  | Received a gift from Trog
 19948 | Lair:7   | Reached skill level 10 in Throwing
 20507 | Lair:8   | Entered Level 8 of the Lair of Beasts
 20517 | Lair:8   | Received a gift from Trog
 20536 | Lair:8   | Received a gift from Trog
 20661 | Lair:8   | Reached XP level 14. HP: 119/124 MP: 13/13
 21169 | Lair:8   | Reached skill level 16 in Axes
 22313 | Lair:8   | Received a gift from Trog
 23302 | D:12     | Reached skill level 17 in Axes
 23777 | D:12     | Reached XP level 15. HP: 134/134 MP: 14/14
 23880 | D:12     | Found a staircase to the Orcish Mines.
 23940 | D:12     | Got a spiked leather armour
 23951 | D:12     | Identified the +1 leather armour of Focus {rC+ Int+4 Dex+2} (You found it on level 12 of the Dungeon)
 24186 | D:12     | Found Kazituar's Food Shoppe.
 24261 | D:12     | Noticed Azrael
 24274 | D:12     | Killed Azrael
 24274 | D:12     | Received a gift from Trog
 24490 | D:12     | Noticed Kirke
 24502 | D:12     | Killed Kirke
 24703 | Orc:1    | Entered Level 1 of the Orcish Mines
 24840 | Orc:2    | Entered Level 2 of the Orcish Mines
 25219 | Orc:2    | Found a staircase to the Elven Halls.
 25254 | Orc:2    | Found Achibbol's Distillery.
 25265 | Orc:2    | Received a gift from Trog
 25379 | Orc:2    | Found a roughly hewn altar of Beogh.
 25389 | Orc:2    | Found Morhem's Armour Shoppe.
 25426 | Orc:2    | Found Sid Jis's Magic Scroll Boutique.
 25737 | Orc:2    | Bought a scroll of identify for 28 gold pieces
 25969 | Orc:2    | Found an iron altar of Okawaru.
 26364 | Orc:2    | Found Ifanutalo's Book Boutique.
 26380 | Orc:2    | Received a gift from Trog
 26466 | Orc:1    | Found a roughly hewn altar of Beogh.
 26941 | Orc:2    | Bought a manual of Armour for 1324 gold pieces
 27298 | D:13     | Found a gate to the Vaults.
 27298 | D:13     | Noticed Donald
 27311 | D:12     | Killed Donald
 27338 | D:13     | Reached skill level 1 in Shields
 27342 | D:13     | Received a gift from Trog
 27363 | D:13     | Gained mutation: You are partially covered in iridescent scales (AC +4). [potion of beneficial mutation]
 27625 | Orc:2    | Bought a scroll of enchant armour for 105 gold pieces
 27828 | D:13     | Reached skill level 18 in Axes
 27896 | D:13     | Noticed Maud
 27911 | D:13     | Killed Maud
 28697 | D:14     | Reached XP level 16. HP: 144/144 MP: 15/15
 28940 | D:14     | Noticed Nessos
 28951 | D:14     | Killed Nessos
 29107 | D:14     | Received a gift from Trog
 29349 | D:14     | Reached skill level 5 in Shields
 29592 | D:15     | Entered Level 15 of the Dungeon
 29641 | D:15     | Noticed Chiseanne's ghost (journeyman DsWz)
 29678 | D:15     | Killed Chiseanne's ghost
 29686 | D:15     | Found a staircase to the Depths.
 29765 | D:15     | Found a flickering gateway to a bazaar.
 29771 | Bazaar   | Entered a bazaar
 29873 | Bazaar   | Found Ycvo's Magic Scroll Shoppe.
 29897 | Bazaar   | Found Onaefasi's Book Shoppe.
 29913 | Bazaar   | Found Fitetug's Armour Shoppe.
 29913 | Bazaar   | Found Fyxou's Distillery.
 29946 | Bazaar   | Bought a potion of beneficial mutation for 560 gold pieces
 29946 | Bazaar   | Bought a potion of heal wounds for 80 gold pieces
 29976 | Bazaar   | Bought a scroll of identify for 24 gold pieces
 29976 | Bazaar   | Bought a scroll of identify for 24 gold pieces
 29976 | Bazaar   | Bought a scroll of identify for 24 gold pieces
 29976 | Bazaar   | Bought a scroll of identify for 24 gold pieces
 30032 | D:15     | Noticed Josephine
 30040 | D:15     | Killed Josephine
 30040 | D:15     | Reached skill level 15 in Armour
 30083 | D:15     | Gained mutation: You are somewhat resistant to further mutation. [potion of beneficial mutation]
 30084 | D:15     | Reached XP level 17. HP: 152/152 MP: 16/16
 30210 | D:15     | Noticed Urug
 30223 | D:15     | Killed Urug
 30430 | D:15     | Noticed Rupert
 30432 | D:15     | Paralysed by Rupert for 5 turns
 30443 | D:15     | Paralysed by Rupert for 7 turns
 30461 | D:15     | Killed Rupert
 31008 | Swamp:1  | Entered Level 1 of the Swamp
 31304 | Swamp:1  | Found a sparkling altar of Nemelex Xobeh.
 31349 | Swamp:1  | Received a gift from Trog
 31533 | Swamp:1  | Noticed Roxanne
 31554 | Swamp:1  | Killed Roxanne
 31975 | Swamp:1  | Reached skill level 10 in Shields
 31991 | Swamp:1  | Received a gift from Trog
 33129 | Swamp:2  | Got an ancient hat
 33135 | Swamp:2  | Identified the cursed -2 hat of Claustrophobia {Int+7 Dex+3} (You found it on level 2 of the Swamp)
 33413 | Swamp:3  | Received a gift from Trog
 33851 | Swamp:3  | Reached skill level 15 in Fighting
 34499 | Swamp:4  | Entered Level 4 of the Swamp
 34521 | Swamp:4  | Reached XP level 18. HP: 161/161 MP: 17/17
 34968 | Swamp:4  | Received a gift from Trog
 35484 | Swamp:4  | Noticed Louise
 35492 | Swamp:4  | Noticed the 27-headed Lernaean hydra
 35498 | Swamp:4  | Killed Louise
 35514 | Swamp:4  | Killed the 18-headed Lernaean hydra
 35992 | Swamp:4  | Got a decaying rune of Zot
 36047 | Swamp:4  | Reached skill level 19 in Axes
 36377 | Spider:1 | Entered Level 1 of the Spider Nest
 36425 | Spider:1 | Received a gift from Trog
 38568 | Spider:3 | Found a frozen archway.
 38585 | Spider:3 | Received a gift from Trog
 38630 | IceCv    | Entered an ice cave
 38688 | IceCv    | Received a gift from Trog
 39480 | IceCv    | Received a gift from Trog
 39710 | IceCv    | Noticed an Ice Fiend
 39721 | IceCv    | Killed an Ice Fiend
 40021 | IceCv    | Got an iridescent demon trident
 40029 | IceCv    | Got a faintly humming chain mail
 40049 | IceCv    | Identified the +7 demon trident of Sloth {drain, rElec rPois SInv} (You found it in an ice cave)
 40066 | IceCv    | Identified the cursed +1 chain mail of Jaitabro {rPois rC- Dex+3} (You found it in an ice cave)
 40617 | Spider:3 | Received a gift from Trog
 41059 | Spider:3 | Reached XP level 19. HP: 118/170 MP: 18/18
 41571 | Spider:4 | Entered Level 4 of the Spider Nest
 41667 | Spider:4 | Reached skill level 15 in Dodging
 41813 | Spider:4 | Received a gift from Trog
 42035 | Spider:4 | Received a gift from Trog
 42456 | Spider:4 | Got a gossamer rune of Zot
 43040 | Vaults:1 | Entered Level 1 of the Vaults
 43172 | Vaults:1 | Identified a scroll of acquirement
 43624 | Vaults:1 | Received a gift from Trog
 43646 | Vaults:1 | Got a heavily runed hat
 43652 | Vaults:1 | Identified the +0 hat of Zootih {rCorr Int+4} (You acquired it on level 1 of the Vaults)
 43769 | Vaults:1 | Noticed Jorgrun
 43785 | Vaults:1 | Killed Jorgrun
 43890 | Vaults:1 | Received a gift from Trog
 44245 | Vaults:1 | Noticed Saint Roka
 44263 | Vaults:1 | Killed Saint Roka
 44263 | Vaults:1 | Reached skill level 15 in Shields
 44953 | Vaults:2 | Found a magical portal.
 45013 | Vaults:2 | Noticed Norris
 45029 | Vaults:2 | Paralysed by Norris for 4 turns
 45042 | Vaults:2 | Paralysed by Norris for 5 turns
 45051 | Vaults:2 | Paralysed by Norris for 5 turns
 45055 | Vaults:2 | Lost intelligence.
 45059 | Vaults:2 | HP: 1/174 [skeletal warrior/dire flail[a skeletal warrior] (8)]
 45059 | Vaults:2 | Mangled by a skeletal warrior

Skill      XL: |  1  2  3  4  5  6  7  8  9 10 11 12 13 14 15 16 17 18 19 |
---------------+----------------------------------------------------------+-----
Polearms       | 4 5 |  5.5
Armour         | 3 4 5 6 7 8 9 11 12 13 14 15 16 17 18 | 18.4
Fighting       | 4 5 6 7 8 9 10 11 12 13 14 15 16 | 16.6
Dodging        | 3 4 5 6 8 9 10 11 12 13 14 15 | 15.5
Throwing       | 1 2 3 4 5 6 7 9 10 11 12 13 | 13.7
Axes           | 2 4 6 8 10 12 14 15 17 18 19 | 19.9
Shields        | 4 8 11 13 15 | 15.3

Action                   |  1- 3 |  4- 6 |  7- 9 | 10-12 | 13-15 | 16-18 | 19-21 || total
-------------------------+-------+-------+-------+-------+-------+-------+-------++-------
Melee: Spear             |    43 |   106 |       |       |       |       |       ||   149
       Headbutt          |     4 |    19 |    75 |   131 |   357 |   370 |   145 ||  1101
       Hand axe          |       |    44 |   328 |   636 |  1139 |  1260 |   508 ||  3915
       Battleaxe         |       |       |       |       |    68 |       |       ||    68
       Broad axe         |       |       |       |       |       |       |     4 ||     4
Throw: Tomahawk          |       |    61 |   104 |   271 |   107 |    49 |    98 ||   690
       Javelin           |       |       |    12 |    25 |    50 |    39 |       ||   126
Invok: Berserk           |     1 |     2 |     6 |     8 |    12 |    14 |     5 ||    48
       Burn Spellbooks   |       |     1 |     1 |     3 |     2 |     7 |       ||    14
       Trog's Hand       |       |       |     2 |       |       |       |       ||     2
  Use: Scroll            |       |     1 |     1 |    23 |    14 |    17 |     4 ||    60
       Potion            |       |       |       |       |     1 |     3 |     2 ||     6
 Stab: Petrifying        |       |       |       |       |     1 |       |       ||     1
  Eat: Chunk             |       |     9 |    15 |    58 |    51 |    49 |    24 ||   206
       Fruit             |       |       |     3 |     1 |       |       |       ||     4
       Beef jerky        |       |       |     1 |     1 |       |       |       ||     2
       Pizza             |       |       |       |     1 |       |       |       ||     1
       Bread ration      |       |       |       |     1 |       |       |       ||     1
       Royal jelly       |       |       |       |       |       |     2 |       ||     2
Armor: Animal skin       |     3 |     4 |       |       |       |       |       ||     7
       Ring mail         |       |    33 |    77 |    13 |       |       |       ||   123
       Leather armour    |       |       |       |   113 |       |       |       ||   113
       Chain mail        |       |       |       |     8 |   336 |   429 |    63 ||   836
       Ice dragon armour |       |       |       |       |       |    37 |    88 ||   125
Dodge: Dodged            |     8 |    73 |   185 |   374 |   528 |   516 |   187 ||  1871
Block: Shield            |       |       |       |       |    74 |   837 |   374 ||  1285
       Reflection        |       |       |       |       |     7 |    20 |    31 ||    58
